 Dungeon Crawl Stone Soup version 0.28.0 (webtiles) character file.

Game seed: 8244639053703864885

229 Host24 the Quickloader (level 6, -1/37 HPs)
             Began as a Kobold Hunter on Mar 11, 2022.
             Killed from afar by Pikel (5 damage)
             ... with a puff of flame
             ... on level 4 of the Dungeon.
             The game lasted 00:11:30 (4698 turns).

Host24 the Quickloader (Kobold Hunter)              Turns: 4698, Time: 00:11:31

Health: -1/37      AC:  9    Str: 11    XL:     6   Next: 23%
Magic:  6/6        EV: 13    Int: 13    God:
Gold:   174        SH:  0    Dex: 15    Spells: 5/5 levels left

rFire   + . .      SeeInvis .   a - +1 hand crossbow
rCold   + + .      Faith    .   (no shield)
rNeg    . . .      Spirit   .   q - +0 swamp dragon scales
rPois   +          Reflect  .   (no helmet)
rElec   .          Harm     .   g - scarf {rC+ rF+}
rCorr   .          Rampage  .   s - +1 pair of gloves
Will    .....                   (no boots)
Stlth   ++........              (no amulet)
HPRegen 0.12/turn               (no ring)
MPRegen 0.10/turn               (no ring)

@: flying, hasted, very quick
A: small, no large weapons, nightstalker 3, hooves 1, cold resistance 1
a: no special abilities


You were on level 4 of the Dungeon.
You visited 1 branch of the dungeon, and saw 4 of its levels.

You collected 174 gold pieces.

Inventory:

Hand Weapons
 a - a +1 hand crossbow (weapon)
 b - a +0 short sword
 t - a +2 vorpal hunting sling
Missiles
 d - 3 bolts (quivered ammo)
 f - 3 atropa-tipped darts
 h - 66 stones
 l - 22 arrows
 n - 4 boomerangs
Armour
 g - a scarf of resistance (worn)
 q - +0 swamp dragon scales (worn)
 s - a +1 pair of gloves (worn)
Jewellery
 p - an amulet of magic regeneration
Scrolls
 k - a scroll of teleportation {unknown}
 m - 5 scrolls of identify {unknown}
 r - a scroll of noise {unknown}
Potions
 e - a potion of heal wounds {unknown}
 i - a potion of invisibility {unknown}


   Skills:
 - Level 3.0 Fighting
 + Level 8.0 Crossbows
 - Level 3.0 Dodging
 - Level 1.3 Stealth


You had 5 spell levels left.
You didn't know any spells.
Your spell library contained the following spells:

 Spells                   Type           Power      Damage    Failure   Level
 Magic Dart               Conj           0%         1d3       58%         1
 Call Imp                 Summ           0%         N/A       75%         2
 Gell's Gravitas          Tloc           0%         N/A       92%         3
 Mephitic Cloud           Conj/Pois/Air  0%         N/A       92%         3
 Teleport Other           Tloc           0%         N/A       92%         3
 Dispersal                Tloc           0%         N/A       100%        6


Dungeon Overview and Level Annotations

Branches:
Dungeon (4/15)
 Temple: D:4-7

Altars:
Dithmenos
Hepliaklqana
Trog
Yredelemnul
The Shining One

Annotations:
D:3 Grinder
D:4 Pikel


Innate Abilities, Weirdness & Mutations

You are small and have problems with some larger weapons.
You are completely attuned to the shadows.
You have large cloven feet.
Your flesh is cold resistant. (rC+)


Message History

Pikel zaps a wand.
The puff of flame hits you. You resist.
Fire: 7 bolts
Press: ? - help, Q - select action, (/) - cycle Shift-Dir - straight line, f/p - Pikel
Aim: Pikel, wielding a +0 whip of freezing, wearing a +0 robe and carrying a wand of flame (12) (almost dead, 62% to hit)
You shoot a bolt. The bolt hits Pikel but does no damage.
Pikel is almost dead.
Pikel closely misses you.
Fire: 6 bolts
Press: ? - help, Q - select action, (/) - cycle Shift-Dir - straight line, f/p - Pikel
Aim: Pikel, wielding a +0 whip of freezing, wearing a +0 robe and carrying a wand of flame (12) (almost dead, 62% to hit)
You shoot a bolt. The bolt hits Pikel.
Pikel is almost dead.
Pikel closely misses you.
Fire: 5 bolts
Press: ? - help, Q - select action, (/) - cycle Shift-Dir - straight line, f/p - Pikel
Aim: Pikel, wielding a +0 whip of freezing, wearing a +0 robe and carrying a wand of flame (12) (almost dead, 62% to hit)
You shoot a bolt. The bolt hits Pikel but does no damage.
Pikel is almost dead.
Pikel hits you with a +0 whip of freezing!
* * * LOW HITPOINT WARNING * * *
Pikel freezes you.
* * * LOW HITPOINT WARNING * * *
Fire: 4 bolts
Press: ? - help, Q - select action, (/) - cycle Shift-Dir - straight line, f/p - Pikel
Aim: Pikel, wielding a +0 whip of freezing, wearing a +0 robe and carrying a wand of flame (12) (almost dead, 62% to hit)
You shoot a bolt. The bolt closely misses Pikel.
Pikel zaps a wand.
The puff of flame hits you but does no damage.
You resist.
It was a potion of mutation.
You feel extremely strange.
Your feet thicken and deform.
You feel resistant to cold. Pikel barely misses you.
It was a potion of flight.
You feel very buoyant.
You fly up into the air.
Pikel hits you with a +0 whip of freezing.
* * * LOW HITPOINT WARNING * * *
It was a potion of haste.
You feel yourself speed up.
Pikel zaps a wand.
The puff of flame hits you. You resist.
You die...

......#....###.(##
#..###+###....
......###...#.5##
#............. .....## ##....##
########..)..# .....# ##(..#
##..### ....## ##.## #.## #
...## ##((## ### # ####
###..((### ## ##...###K.###
#### ##. ##...##
##@..######..####.. ##...##
####...............
##...######..................
###..#####................#####
##...## #.................#
##...## #.................#
#...## ##...............# #.###
#####..........# ###
############


You could see Pikel.

Vanquished Creatures
  4 lemures (D:4)
  A hound (D:4)
  Jessica (D:3)
  Terence (D:3)
  Natasha (thrice) (D:4)
  2 adders
  An adder skeleton (D:4)
  A worm (D:2)
  An orc (D:4)
  5 endoplasms
  5 goblins
  3 hobgoblins
  3 jackals (D:3)
  4 quokkas
  4 ball pythons
  6 bats
  2 frilled lizards
  6 kobolds
  6 rats
59 creatures vanquished.

Notes
Turn   | Place    | Note
-------+----------+-------------------------------------------
     0 | D:1      | Host24 the Kobold Hunter began the quest for the Orb.
     0 | D:1      | Reached XP level 1. HP: 12/12 MP: 1/1
    89 | D:1      | Reached skill level 5 in Crossbows
   157 | D:1      | Reached XP level 2. HP: 4/18 MP: 2/2
   473 | D:1      | You fall into a shaft and drop 1 floor!
  1028 | D:2      | Found a shadowy altar of Dithmenos.
  1505 | D:2      | Reached XP level 3. HP: 16/23 MP: 3/3
  2374 | D:2      | Found a faded altar of an unknown god.
  2562 | D:3      | Noticed Jessica
  2565 | D:3      | Killed Jessica
  2566 | D:3      | Reached skill level 6 in Crossbows
  2566 | D:3      | Reached XP level 4. HP: 28/28 MP: 4/4
  2922 | D:3      | Found a bloodstained altar of Trog.
  3037 | D:3      | Noticed Grinder
  3178 | D:3      | Noticed Terence
  3185 | D:3      | Killed Terence
  3186 | D:3      | Reached XP level 5. HP: 32/32 MP: 5/5
  3461 | D:3      | Found a hazy altar of Hepliaklqana.
  3792 | D:4      | Noticed a lemure
  4006 | D:4      | Noticed Natasha
  4009 | D:4      | Killed Natasha
  4010 | D:4      | Reached skill level 7 in Crossbows
  4055 | D:4      | Noticed Natasha
  4062 | D:4      | Killed Natasha
  4085 | D:4      | Found a glowing golden altar of the Shining One.
  4214 | D:4      | Noticed a lemure
  4221 | D:4      | Noticed Natasha
  4233 | D:4      | Reached XP level 6. HP: 32/37 MP: 6/6
  4236 | D:4      | Killed Natasha
  4237 | D:4      | Reached skill level 8 in Crossbows
  4553 | D:4      | Noticed Pikel
  4579 | D:4      | Found a basalt altar of Yredelemnul.
  4696 | D:4      | Gained mutation: You have large cloven feet. [potion of
                  | mutation]
  4696 | D:4      | Gained mutation: Your flesh is cold resistant. (rC+)
                  | [potion of mutation]
  4698 | D:4      | Killed from afar by Pikel

Illustrated notes

Levels and vault maps discovered:
D:1:      onia_arrival_mini_spirals, layout_loops_ring, minmay_pentomino_w2
D:2:      wander_river, layout_loops_corners, shapermc_ecumenical_altar_ellora,
          basic_altar, minivault_26, minmay_split_cup_large
D:3:      layout_loops_cross, mainiacjoe_overflow_divided_tiny, uniq_jessica,
          uniq_terence, uniq_grinder
D:4:      layout_cave_pods, tso_altar, lemuel_doored_altar, uniq_pikel,
          uniq_natasha

Skill      XL: |  1  2  3  4  5  6 |
---------------+-------------------+-----
Crossbows      | 5 6 7 8 |  8.0
Fighting       | 3 |  3.0
Dodging        | 3 |  3.0
Stealth        | |  1.3

Action                   |  1- 3 |  4- 6 || total
-------------------------+-------+-------++-------
Melee: Short sword       |    65 |    76 ||   141
       Punch             |       |     1 ||     1
 Fire: Hand crossbow     |    12 |    76 ||    88
       Hunting sling     |       |    16 ||    16
  Use: Potion            |       |     3 ||     3
 Stab: Sleeping          |    13 |     1 ||    14
Armor: Leather armour    |    14 |     6 ||    20
       Swamp dragon scal |       |    30 ||    30
Dodge: Dodged            |    34 |   106 ||   140
